 Dungeon Crawl Stone Soup version 0.19-a0-1626-g5215c36 (webtiles) character file.

103 st0uf the Magician (level 4, -2/25 HPs)
             Began as a Deep Elf Earth Elementalist on Sept 18, 2016.
             Killed from afar by a white imp (6 damage)
             ... with a puff of frost
             ... summoned by Eustachio
             ... on level 4 of the Dungeon.
             The game lasted 00:12:09 (2453 turns).

st0uf the Magician (Deep Elf Earth Elementalist)    Turns: 2453, Time: 00:12:09

Health: -2/25      AC:  4    Str:  5    XL:     4   Next: 51%
Magic:  7/12       EV: 13    Int: 21    God:
Gold:   146        SH:  0    Dex: 15    Spells: 2 memorised, 7 levels left

rFire  . . .     SeeInvis .     b - 37 stones
rCold  . . .     Gourm    .     c - +0 robe
rNeg   . . .     Faith    .     (no shield)
rPois  .         Spirit   .     (no helmet)
rElec  .         Dismiss  .     j - +0 cloak
rCorr  .         Reflect  .     q - +0 pair of gloves
MR     +....     Harm     .     (no boots)
Stlth  ++........               (no amulet)
                                (no ring)
                                i - ring of protection from magic

@: lethally poisoned (-2 -> -10)
A: no striking features
a: no special abilities


You were on level 4 of the Dungeon.
You were not hungry.

You visited 1 branch of the dungeon, and saw 4 of its levels.

You collected 146 gold pieces.

Inventory:

Missiles
 b - 37 stones (in hand)
Armour
 a - a +2 pair of gloves
 c - a +0 robe (worn)
 j - a +0 cloak (worn)
 q - a +0 pair of gloves (worn)
Jewellery
 i - a ring of protection from magic (left hand)
Scrolls
 f - a scroll of magic mapping {unknown}
 h - a scroll of teleportation {unknown}
 l - 2 scrolls of remove curse {unknown}
 m - 3 scrolls of recharging {unknown}
 n - 2 scrolls of identify {unknown}
 o - a scroll of blinking {unknown}
 p - a scroll of enchant weapon {unknown}
Potions
 t - a potion of lignification {unknown}
Books
 e - a book of Geomancy

   Spells                             Type                      Level
   a - Sandblast                      Earth                        1
   b - Passwall                       Transmutation/Earth          2
   c - Stone Arrow                    Conjuration/Earth            3
   d - Petrify                        Transmutation/Earth          4
   e - Lee's Rapid Deconstruction     Earth                        5
Comestibles
 d - 2 bread rations
 g - 4 chunks of flesh
 r - 2 fruits
 s - a meat ration


   Skills:
 + Level 1.2 Fighting
 + Level 1.0 Armour
 + Level 3.2 Dodging
 - Level 2.4 Stealth
 * Level 4.1 Spellcasting
 + Level 0.7 Conjurations
   Level 1.1 Transmutations
 + Level 3.9 Earth Magic


You had 7 spell levels left.
You knew the following spells:

 Your Spells              Type           Power        Failure   Level  Hunger
a - Sandblast             Erth           ###...       2%          1    None
b - Stone Arrow           Conj/Erth      ##....       17%         3    ###....


Dungeon Overview and Level Annotations

Branches:
Dungeon (4/15)
 Temple: D:4-7

Altars:
Gozag

Annotations:
D:4 Eustachio


Message History

Found a scale mail.
You feel sick.
You feel sick.
You feel sick.
Eustachio gestures wildly while chanting.
You feel sick.
Eustachio screams, "Hey, you killed my favourite bat!"
Eustachio mumbles some strange words.
Eustachio blinks!
You feel sick.
You feel sick.
You feel sick.
The crimson imp blinks!
The white imp gestures at you. The puff of frost hits you!
* * * LOW HITPOINT WARNING * * *
* * * LOW HITPOINT WARNING * * *
You feel sick. The white imp gestures at you. The puff of frost hits you!
You die...

#.# #.# #<# #. #.# #. #.# #.
#.# #.# #. ##.## #.#
#.###.@.####### #.#
##.#...#.....[.# #.#
###.#..#.#...#####.# #.#
...[...5.........#.## #.#
###.....5#...###....####.###
#....5###.## #............
............#####...####.###
###.....)..........## #.#
##...#.########### #.#


You could see a crimson imp and 2 white imps.

Vanquished Creatures
  A hound (D:4)
  2 adders
  3 worms (D:2)
  2 leopard geckos
  2 orcs (D:3)
  A ball python (D:1)
  3 giant cockroaches
  5 goblins
  A hobgoblin (D:2)
  3 jackals (D:2)
  A quokka (D:2)
  7 bats
  2 frilled lizards
  A jackal skeleton (D:3)
  6 kobolds
  4 rats
44 creatures vanquished.

Notes
Turn   | Place    | Note
-------+----------+-------------------------------------------
     0 | D:1      | st0uf the Deep Elf Earth Elementalist began the quest for the Orb.
     0 | D:1      | Reached XP level 1. HP: 10/10 MP: 6/6
   492 | D:1      | Reached XP level 2. HP: 16/16 MP: 6/8
  1262 | D:2      | Reached XP level 3. HP: 20/20 MP: 8/10
  1432 | D:2      | Reached skill level 1 in Fighting
  1740 | D:3      | Reached skill level 1 in Armour
  1959 | D:3      | Reached XP level 4. HP: 25/25 MP: 9/11
  2014 | D:3      | Learned a level 3 spell: Stone Arrow
  2110 | D:3      | Found an opulent altar of Gozag.
  2373 | D:4      | Reached skill level 4 in Spellcasting
  2432 | D:4      | Noticed Eustachio
  2453 | D:4      | Killed from afar by a white imp

Vault maps used:
D:1:      dpeg_arrival_erosion, minmay_shallow_snake_nest
D:3:      grunt_gozag_breadcrumbs
D:4:      nicolae_tso_swordbearing_angel, old_standard_altar,
          evilmike_ruin_ashenzari, grunt_temple_overflow_open,
          lexackson_kobold_supper, uniq_eustachio, uniq_sigmund,
          uniq_blork_the_orc

Skill      XL: |  1  2  3  4 |
---------------+-------------+-----
Fighting       | 1 |  1.2
Armour         | 1 |  1.0
Dodging        | 3 |  3.2
Spellcasting   | 4 |  4.1
Stealth        | |  2.4
Conjurations   | |  0.7
Transmutations | |  1.1
Earth Magic    | |  3.9

Action                   |  1- 3 |  4- 6 || total
-------------------------+-------+-------++-------
Melee: Unarmed           |     1 |       ||     1
 Cast: Sandblast         |    88 |    30 ||   118
  Use: Potion            |       |     1 ||     1
  Eat: Chunk             |     3 |     1 ||     4
Armor: Robe              |     6 |     6 ||    12
Dodge: Dodged            |    27 |    18 ||    45
